 Dungeon Crawl Stone Soup version 0.30-a0-329-g85436e0a43 (webtiles) character file.

Game seed: 11403532150393216768

43 koil the Grave Robber (level 3, -1/20 HPs)
             Began as a Deep Elf Necromancer on Oct 28, 2022.
             Killed from afar by Terence (9 damage)
             ... with a puff of flame
             ... on level 2 of the Dungeon.
             The game lasted 00:03:14 (903 turns).

koil the Grave Robber (Deep Elf Necromancer)         Turns: 903, Time: 00:03:15

Health: -1/20      AC:  2    Str:  5    XL:     3   Next: 37%
Magic:  9/10       EV: 13    Int: 21    God:
Gold:   35         SH:  0    Dex: 15    Spells: 5/9 levels left

rFire   . . .      SeeInvis .    e - +0 dagger
rCold   . . .      Faith    .    (no shield)
rNeg    . . .      Spirit   .    a - +0 robe
rPois   .          Reflect  .    (no helmet)
rElec   .          Harm     .    (no cloak)
rCorr   .          Rampage  .    (no gloves)
Will    .....                    (no boots)
Stlth   ++........               (no amulet)
HPRegen 0.23/turn                (no ring)
MPRegen 0.12/turn                (no ring)

@: no status effects
A: no striking features
a: no special abilities


You were on level 2 of the Dungeon.
You visited 1 branch of the dungeon, and saw 2 of its levels.

You collected 35 gold pieces.

Inventory:

Hand Weapons
 e - a +0 dagger (weapon)
Missiles
 h - 8 poisoned darts
Armour
 a - a +0 robe (worn)
Scrolls
 d - a scroll of teleportation {unknown}
 f - a scroll of brand weapon {unknown}
 g - a scroll of magic mapping {unknown}
 i - a scroll of poison {unknown}
Potions
 b - a potion of magic
 c - a potion of lignification {unknown}


   Skills:
 + Level 0.9 Fighting
 + Level 3.0 Dodging
 + Level 3.1 Stealth
 + Level 3.5 Spellcasting
 + Level 5.1 Necromancy


You had 5 spell levels left.
You knew the following spells:

 Your Spells              Type           Power      Damage    Failure   Level
a - Necrotise             Necr           100%       1d9       1%          1
b - Vampiric Draining     Necr           25%        2d7       4%          3

Your spell library contained the following spells:

 Spells                   Type           Power      Damage    Failure   Level
 Animate Dead             Necr           25%        N/A       16%         4
 Agony                    Necr           25%        N/A       38%         5


Dungeon Overview and Level Annotations

Branches:
Dungeon (2/15)

Altars:

Annotations:
D:2 Terence


Message History

h - 8 poisoned darts (gained 3)
You see here a dart slug corpse.
You see here a +0 club.
You see here a rat corpse.
You now have 35 gold pieces (gained 8).
Found an escape hatch in the floor.
An endoplasm comes into view.
The helpless endoplasm fails to defend itself.
You puncture the endoplasm!
You kill the endoplasm!
No target in view!
No target in view!
You see here a dart slug corpse.
Found a ring mail.
Done exploring.
Done exploring.
There is an escape hatch in the floor here.
You slide downwards.
The hatch slams shut behind you.
The helpless bat fails to defend itself.
You puncture the bat!
You kill the bat!
No target in view!
Terence the Incautious comes into view.
He is wielding a +0 flail and carrying a wand of flame (15).
Found a robe.
Found a stone staircase leading down.
The helpless Terence fails to defend himself.
You puncture Terence!
Terence is heavily wounded.
Terence hits you with a +0 flail.
Unknown command.
Casting: Necrotise (safe; 1% risk of failure)
Confirm with . or Enter, or press ? or * to list all spells.
Aiming: Necrotise (safe; 1% risk of failure)
Press: ? - help, Shift-Dir - straight line, f - Terence
Aim: Terence, wielding a +0 flail, wearing a +0 chain mail and carrying a wand of flame (15) (heavily wounded, chance to affect: 88%) Terence writhes in agony.
Terence zaps a wand.
The puff of flame misses you.
Unknown command.
Terence attacks as you move away! Terence hits you with a +0 flail!
Terence zaps a wand.
The puff of flame hits you!
You die...

...#....
....#...#
#####....#...##.
#..............>
#.^...#.........
#......# .......
#.#######@..#
##......#....#.#
#......#@........
#..........###..#
#..##.#..#.... .
##.......######
######......
....... #....#.#
#....#[.. ...# #.


You could see Terence.

Vanquished Creatures
  A gnoll (D:1)
  3 dart slugs (D:1)
  2 ball pythons (D:1)
  A bat (D:2)
  4 endoplasms (D:1)
  2 giant cockroaches (D:1)
  3 goblins (D:1)
  4 hobgoblins (D:1)
  3 frilled lizards (D:1)
  2 rats (D:1)
25 creatures vanquished.

Vanquished Creatures (collateral kills)
  A rat (D:1)
1 creature vanquished.

Grand Total: 26 creatures vanquished

Notes
Turn   | Place    | Note
-------+----------+-------------------------------------------
     0 | D:1      | koil the Deep Elf Necromancer began the quest for the Orb.
     0 | D:1      | Reached XP level 1. HP: 10/10 MP: 6/6
   199 | D:1      | Reached XP level 2. HP: 15/15 MP: 4/8
   209 | D:1      | Reached skill level 5 in Necromancy
   368 | D:1      | Reached XP level 3. HP: 16/20 MP: 1/9
   372 | D:1      | Learned a level 3 spell: Vampiric Draining
   893 | D:2      | Noticed Terence
   903 | D:2      | Killed from afar by Terence

Illustrated notes

Levels and vault maps discovered:
D:1:      ncdulo_wetmaze, layout_basic, serial_aquarium,
          aquarium_bridge_long_separate [aquarium_subvault_wall,
          aquarium_subvault_bridge, aquarium_subvault_window,
          aquarium_subvault_bridge, aquarium_subvault_bridge,
          aquarium_subvault_bridge], aquarium_window_fake, aquarium_window_fake,
          aquarium_view_2c, aquarium_view_2b, aquarium_balcony_5a
D:2:      layout_basic, serial_shops, nicolae_shop_advertising_works
          [nicolae_subvault_shop_adworks], basic_altar, uniq_terence,
          uniq_crazy_yiuf_cottage

Skill      XL: |  1  2  3 |
---------------+----------+-----
Necromancy     | 5 |  5.1
Stealth        | 3 |  3.1
Dodging        | 3 |  3.0
Fighting       | |  0.9
Spellcasting   | |  3.5

Action                   || total
-------------------------++-------
Melee: Dagger            ||    24
 Cast: Necrotise         ||    39
 Stab: Sleeping          ||     4
Armor: Robe              ||     5
Dodge: Dodged            ||    36

Table legend: (Time is in decaauts)
 A = Elapsed time spent in this place.
 B = Non-inter-level travel time spent in this place.
 C = Inter-level travel time spent in this place.
 D = Time resting spent in this place.
 E = Time spent auto-exploring this place.
 F = Levels seen in this place.
 G = Mean time per level.
                   A        B        C        D        E       F      G
               +--------+--------+--------+--------+--------+-----+--------+
         Total |    910 |    906 |      4 |      0 |    739 |   2 |  455.0 |
       Dungeon |    910 |    906 |      4 |      0 |    739 |   2 |  455.0 |
               +--------+--------+--------+--------+--------+-----+--------+

Top non-repeatable levels by time:
     D:1: 893 daAuts
     D:2: 16 daAuts
